 Dungeon Sprint DCSS version 0.30.1 (webtiles) character file.

Game seed: 14221797068689968821

3343 boopmooplesden the Protected (level 9, -3/82 HPs)
             Began as a Demonspawn Berserker on July 8, 2023.
             Was a High Priest of Trog.
             Slain by an air elemental (10 damage)
             ... while paralysed by an air elemental
             ... in the Dungeon (Sprint V: "Ziggurat Sprint").
             The game lasted 00:03:09 (530 turns).

boopmooplesden the Protected (Demonspawn Berserker)  Turns: 530, Time: 00:03:09

Health: -3/82      AC: 30    Str: 26    XL:     9   Next: 72%
Magic:  9/9        EV:  2    Int:  8    God:    Trog [*****.]
Gold:   0          SH:  0    Dex: 22    Spells: 8/8 levels left

rFire   + + .        C - +8 lance "Wyrmbane" {slay drac, rPois rF+ rC+ AC+3}
rCold   + + .        j - +3 kite shield
rNeg    . . .        i - +5 gold dragon scales
rPois   +            (helmet restricted)
rElec   +            (no cloak)
rCorr   +            (no gloves)
SInv    .            (no boots)
Will    +....        (no amulet) Stlth
                     D - ring of Gaadoh {rElec Will+ rCorr Str+3}
HPRegen 0.33/turn    v - +6 ring of dexterity
MPRegen 0.11/turn

%: no teleportation
@: paralysed, on berserk cooldown, slowed
A: antennae 2, thin skeletal structure 2, icemail 1, powered by pain 2,
condensation shield
a: Renounce Religion, Berserk, Trog's Hand, Brothers in Arms


You were in the Dungeon.
You worshipped Trog.
Trog was extremely pleased with you.
You visited 1 branch

Inventory:

Hand Weapons
 a - a +0 spear
 C - the +8 lance "Wyrmbane" (weapon) {slay drac, rPois rF+ rC+ AC+3}
   (You found it in the Dungeon)

   AC:        It affects your AC (+3).
   rF:        It protects you from fire.
   rC:        It protects you from cold.
   rPois:     It protects you from poison.
Armour
 b - a +0 animal skin
 i - +5 gold dragon scales (worn)
 j - a +3 kite shield (worn)
 B - the +18 shield of the Gong {Loud rN+ Will+ rCorr EV-5}
   (You found it in the Dungeon)

   Loud:      It is deafeningly noisy when blocking attacks.
   EV:        It affects your evasion (-5).
   rN:        It protects you from negative energy.
   rCorr:     It protects you from acid and corrosion.
   Will:      It increases your willpower.
Jewellery
 u - a ring of flight
 v - a +6 ring of dexterity (right hand)
 w - a +6 ring of dexterity
 x - a +6 ring of intelligence
 y - a +6 ring of intelligence
 z - a +6 ring of strength
 A - a +6 ring of strength
 D - the ring of Gaadoh (left hand) {rElec Will+ rCorr Str+3}
   (You found it in the Dungeon)

   [ring of resist corrosion]

   Str:       It affects your strength (+3).
   rElec:     It insulates you from electricity.
   rCorr:     It protects you from acid and corrosion.
   Will:      It increases your willpower.
Wands
 r - a wand of mindburst (7)
 s - a wand of iceblast (16)
 t - a wand of acid (7)
 F - a wand of paralysis (8)
 G - a wand of polymorph (6)
Scrolls
 h - 4 scrolls of blinking
 o - 7 scrolls of fog
 p - 5 scrolls of identify
 q - 2 scrolls of fear
Potions
 c - 10 potions of curing
 d - 6 potions of heal wounds
 e - 6 potions of haste
 f - 7 potions of magic
 g - 3 potions of berserk rage
 k - 2 potions of invisibility
 l - 4 potions of resistance
 m - a potion of experience
 n - 5 potions of might
Miscellaneous
 E - a lightning rod (4/4)


   Skills:
 + Level 11.7 Fighting
 + Level 11.4 Polearms
 + Level 12.5 Armour
 + Level 4.1 Dodging
 + Level 1.9 Stealth
 + Level 6.3 Shields
 + Level 0.1 Evocations


You had 8 spell levels left.
You didn't know any spells.
Your spell library was empty.

Dungeon Overview and Level Annotations

Branches:
Dungeon (1/1)

Altars:
Ashenzari
Cheibriados
Dithmenos
Fedhas
Gozag
Hepliaklqana
Kikubaaqudgha
Makhleb
Nemelex Xobeh
Okawaru
Qazlal
Ru
Sif Muna
Trog
Uskayaw
Vehumet
Wu Jian
Xom
Yredelemnul
Jiyva
Lugonu

Annotations:
D 1 transporter


Innate Abilities, Weirdness & Mutations

You have a pair of antennae on your head.
You have a moderately thin skeletal structure. (Dex +4, Stealth++)
A meltable icy envelope protects you from harm. (AC +4)
You sometimes gain power by taking damage.
A meltable shield of frost defends you. (SH +4)


Message History

* * * LOW HITPOINT WARNING * * *
You block the air elemental's attack.
The air elemental hits you but does no damage.
You puncture the air elemental!
The air elemental is almost destroyed.
You block the air elemental's attack.
The air elemental fires a burst of electricity at you.
The stunning burst misses you. You block the air elemental's attack.
You barely miss the air elemental.
The air elemental is almost destroyed.
You are no longer berserk.
You are exhausted.
You feel yourself slow down.
You block the air elemental's attack. x2
The air elemental hits you but does no damage.
You closely miss the air elemental.
The air elemental is almost destroyed.
The air elemental hits you but does no damage.
The air elemental fires a burst of electricity at you.
The stunning burst hits you. You resist.
You shrug off the repeated paralysis!
* * * LOW HITPOINT WARNING * * *
The air elemental hits you but does no damage.
You block the air elemental's attack.
The air elemental hits you but does no damage.
You block the air elemental's attack.
The air elemental hits you but does no damage.
Your iron troll goes berserk!
The air elemental fires a burst of electricity at you.
The stunning burst hits you. You resist.
You suddenly lose the ability to move!
* * * LOW HITPOINT WARNING * * *
The air elemental hits you but does no damage.
The air elemental fires a burst of electricity at you.
The stunning burst hits you but does no damage.
The air elemental hits you but does no damage.
The air elemental fires a burst of electricity at you.
The stunning burst misses you. The air elemental hits you!
* * * LOW HITPOINT WARNING * * *
The air elemental hits you but does no damage. x2
The air elemental completely misses you.
The air elemental hits you!
You die... ▓▓▓▓▓▓▓▓▓▓▓▓▓▓▓▓▓▓▓ ▓..8©8..▓ {{{{

▓..)=|..▓
{{{
▓..)?:..▓
▓.......▓
▓.......▓
▓.....T.▓
▓.......▓
▓..†E@..▓
▓...EE..▓
▓▓▓▓▓▓▓▓▓
{{{ {{{


You could see 3 air elementals and a friendly iron troll (summoned, berserk).

Vanquished Creatures
  A deep elf archer (D)
  2 ugly things (D)
  A deep elf pyromancer (D)
  2 wind drakes (D)
  An air elemental (D)
  A fire elemental (D)
  A yak (D)
  A golden eye (D)
  An acid dragon (shapeshifter) (D)
  A naga (shapeshifter) (D)
  A swamp drake (shapeshifter) (D)
  2 wolves (D)
  3 phantoms (D)
  An endoplasm (D)
  A jackal (D)
  A ball python skeleton (D)
21 creatures vanquished.

Notes
Turn   | Place    | Note
-------+----------+-------------------------------------------
     0 | D        | boopmooplesden the Demonspawn Berserker began the quest for
                  | the Orb.
     0 | D        | Reached XP level 1. HP: 18/18 MP: 1/1
    13 | D        | Found a blossoming altar of Fedhas.
    13 | D        | Found the +6 Majin-Bo {spellvamp, MP+6 Int+6}
    13 | D        | Found the +27 heavy crossbow "Sniper" {heavy, Acc+∞ SInv}
    13 | D        | Found the +10 dark maul {heavy}
    13 | D        | Found the +15 Maxwell's patent armour {-Cast -Tele rElec
                  | Will+ rCorr}
    13 | D        | Found the +18 shield of the Gong {Loud rN+ Will+ rCorr
                  | EV-5}
    13 | D        | Found the +16 obsidian axe {drain, demonic, Mesm Drain Fly
                  | SInv}
    13 | D        | Found the +7 great mace "Firestarter" {flame, immolate,
                  | rFlCloud rF++}
    13 | D        | Found the +6 shillelagh "Devastator" {shatter}
    13 | D        | Found the +11 plutonium sword {Contam Stlth-}
    13 | D        | Found the +8 lance "Wyrmbane" {slay drac, rPois rF+ rC+
                  | AC+3}
    13 | D        | Found the +9 sword of Zonguldrok {reap}
    13 | D        | Found the +13 scythe of Curses {drain, curses, Drain}
    13 | D        | Found the +9 sword of Power {lifebolt}
    13 | D        | Found the +7 mace of Variability {chaos, chaos arc}
    13 | D        | Found the +11 Singing Sword {sonic wave}
    13 | D        | Found the +8 storm bow {elec, penet}
    22 | D        | Found a shimmering blue altar of Sif Muna.
    22 | D        | Found a sacrificial altar of Ru.
    22 | D        | Found a bloodstained altar of Trog.
    22 | D        | Found a stormy altar of Qazlal.
    22 | D        | Found an iron altar of Okawaru.
    22 | D        | Found a sparkling altar of Nemelex Xobeh.
    24 | D        | Found a transporter.
    24 | D        | Found an ancient bone altar of Kikubaaqudgha.
    24 | D        | Found a viscous altar of Jiyva.
    24 | D        | Found a corrupted altar of Lugonu.
    24 | D        | Found a hazy altar of Hepliaklqana.
    24 | D        | Found a burning altar of Makhleb.
    24 | D        | Found an opulent altar of Gozag.
    52 | D        | Entered arena 2.
    52 | D        | Noticed a golden eye
    52 | D        | Found a transporter.
    94 | D        | Killed a golden eye
    95 | D        | Reached skill level 3 in Armour
    95 | D        | Gained mutation: You sometimes gain a little power by
                  | taking damage. [demonic ancestry]
    95 | D        | Reached XP level 2. HP: 29/29 MP: 2/2
    95 | D        | Gained mutation: You have a somewhat thin skeletal
                  | structure. (Dex +2, Stealth+) [demonic ancestry]
    95 | D        | Reached XP level 3. HP: 35/35 MP: 3/3
    95 | D        | Gained mutation: A meltable shield of frost defends you.
                  | (SH +4) [demonic ancestry]
    95 | D        | Reached XP level 4. HP: 41/41 MP: 4/4
    98 | D        | Entered arena 3.
    98 | D        | Noticed a deep elf pyromancer
    98 | D        | Noticed a deep elf archer
    98 | D        | Noticed a fire elemental
    98 | D        | Found a transporter.
   106 | D        | Noticed a fire elemental
   108 | D        | Noticed a fire elemental
   111 | D        | HP: 2/41 [fire elemental[a deep elf pyromancer] (4)]
   117 | D        | Killed a deep elf archer
   117 | D        | Reached ** piety under Trog
   118 | D        | Reached skill level 7 in Armour
   118 | D        | Gained mutation: You have a pair of small antennae on your
                  | head. [demonic ancestry]
   118 | D        | Reached XP level 5. HP: 24/51 MP: 5/5
   118 | D        | Gained mutation: You sometimes gain power by taking damage.
                  | [demonic ancestry]
   118 | D        | Reached XP level 6. HP: 27/57 MP: 6/6
   118 | D        | Gained mutation: A meltable icy envelope protects you from
                  | harm. (AC +4) [demonic ancestry]
   118 | D        | Reached XP level 7. HP: 30/63 MP: 7/7
   119 | D        | Noticed a fire elemental
   120 | D        | Noticed a fire elemental
   124 | D        | Killed a deep elf pyromancer
   125 | D        | Reached skill level 9 in Armour
   133 | D        | Killed a fire elemental
   133 | D        | Reached *** piety under Trog
   134 | D        | Reached skill level 10 in Armour
   134 | D        | Gained mutation: You have a pair of antennae on your head.
                  | [demonic ancestry]
   134 | D        | Reached XP level 8. HP: 26/72 MP: 8/8
   138 | D        | Got the ring of Gaadoh {rElec Will+ rCorr Str+3}
   271 | D        | Entered arena 4.
   271 | D        | Found a transporter.
   289 | D        | Reached skill level 10 in Fighting
   289 | D        | Reached skill level 1 in Shields
   298 | D        | Reached **** piety under Trog
   299 | D        | Reached skill level 11 in Armour
   306 | D        | Entered arena 5.
   306 | D        | Found a transporter.
   311 | D        | Reached skill level 10 in Polearms
   333 | D        | Entered arena 6.
   333 | D        | Noticed a brown ugly thing
   333 | D        | Noticed a purple ugly thing
   333 | D        | Found a transporter.
   344 | D        | Killed a purple ugly thing
   344 | D        | Reached ***** piety under Trog
   345 | D        | Gained mutation: You have a moderately thin skeletal
                  | structure. (Dex +4, Stealth++) [demonic ancestry]
   345 | D        | Reached XP level 9. HP: 79/79 MP: 9/9
   352 | D        | Reached skill level 12 in Armour
   367 | D        | Killed a brown ugly thing
   368 | D        | Reached skill level 1 in Stealth
   368 | D        | Reached skill level 5 in Shields
   498 | D        | Entered arena 7.
   498 | D        | Noticed a wind drake
   498 | D        | Noticed a wind drake
   499 | D        | Paralysed by an air elemental for 1 turns
   504 | D        | Found a transporter.
   509 | D        | Paralysed by an air elemental for 1 turns
   518 | D        | Killed a wind drake
   518 | D        | Paralysed by an air elemental for 1 turns
   522 | D        | Killed a wind drake
   523 | D        | Paralysed by an air elemental for 1 turns
   530 | D        | Paralysed by an air elemental for 1 turns
   530 | D        | Slain by an air elemental

Illustrated notes

Levels and vault maps discovered:
D:        sprint_v [room_start, room_1, room_2, room_3, room_4, room_5, room_6,
          room_7, room_8, room_9, room_10, room_11, room_12, room_13, room_14,
          room_15, room_16, room_17, room_18, room_19, room_20, room_21,
          room_22, room_23, room_24, room_25, room_26, room_27]

Skill      XL: |  1  2  3  4  5  6  7  8  9 |
---------------+----------------------------+-----
Polearms       | 6 9 10 11 | 11.4
Fighting       | 6 8 9 10 11 | 11.7
Armour         | 3 7 10 11 12 | 12.5
Dodging        | 3 4 |  4.1
Shields        | 3 6 |  6.3
Stealth        | 1 |  1.9
Evocations     | |  0.1

Action                     |  1- 3 |  4- 6 |  7- 9 || total
---------------------------+-------+-------+-------++-------
  Melee: Lance             |     9 |     9 |    99 ||   117
 Invoke: Berserk           |     1 |       |     2 ||     3
         Brothers in Arms  |       |       |     1 ||     1
  Evoke: Wand              |       |       |     1 ||     1
    Use: Potion            |       |     2 |     2 ||     4
   Stab: Confused          |       |       |     2 ||     2
 Armour: Gold dragon scale |    10 |    45 |   126 ||   181
  Dodge: Dodged            |       |     8 |    35 ||    43
  Block: Kite shield       |       |       |    95 ||    95
